 Dungeon Crawl Stone Soup version 0.22-a0-803-gd6d8abe (webtiles) character file.

15406 riteheju the Covert (level 12, -7/93 HPs)
             Began as a Demonspawn Fighter on July 22, 2018.
             Mangled by Frances
             ... wielding a +0 war axe
              (16 damage)
             ... on level 12 of the Dungeon.
             The game lasted 00:45:45 (17135 turns).

riteheju the Covert (Demonspawn Fighter)           Turns: 17135, Time: 00:45:46

Health: -7/93      AC: 15    Str: 25    XL:     12   Next: 0%
Magic:  12/12      EV: 14    Int: 10    God:
Gold:   685        SH: 12    Dex: 17    Spells: 11/11 levels left

rFire    . . .     SeeInvis .   D - +1 dagger (flame)
rCold    . . .     Gourm    .   c - +0 shield
rNeg     . . .     Faith    .   k - +0 steam dragon scales
rPois    .         Spirit   .   r - +1 helmet
rElec    .         Reflect  .   g - +0 cloak
rCorr    .         Harm     .   b - +2 pair of gloves
MR       .....                  (no boots)
Stlth    ++++++++..             (no amulet)
HPRegen  0.25/turn              C - ring of stealth
MPRegen  0.13/turn              B - +3 ring of dexterity

@: mighty
A: rugged brown scales 2, nightstalker 3, spiny 2
a: no special abilities


You were on level 12 of the Dungeon.
You were not hungry.

You visited 2 branches of the dungeon, and saw 13 of its levels.

You collected 685 gold pieces.

Inventory:

Hand Weapons
 D - a +1 dagger of flaming (weapon)
Missiles
 p - 7 javelins (quivered)
Armour
 b - a +2 pair of gloves (worn)
 c - a +0 shield (worn)
 g - a +0 cloak (worn)
 k - +0 steam dragon scales (worn)
 r - a +1 helmet (worn)
 R - the +8 orange crystal plate armour {Archmagi, Int+3 Clar}
   (You found it on level 10 of the Dungeon)

   It affects your intelligence (+3).
   It protects you against confusion.
 T - a +1 ring mail of poison resistance
Jewellery
 x - an uncursed ring of fire
 B - a +3 ring of dexterity (right hand)
 C - a ring of stealth (left hand)
 L - an uncursed ring of ice
 S - a cursed ring of magical power {unknown}
Wands
 a - a wand of iceblast (10)
 h - a wand of clouds (4)
 u - a wand of paralysis (14)
 F - a wand of digging (11)
 K - a wand of scattershot (5)
 N - a wand of polymorph (7)
 Q - a wand of acid (5)
Scrolls
 e - 6 scrolls of remove curse
 l - 3 scrolls of magic mapping
 m - 4 scrolls of teleportation
 n - 3 scrolls of enchant armour
 t - 3 scrolls of enchant weapon
 w - 2 scrolls of fog
 y - 2 scrolls of blinking
 H - 3 scrolls of fear
Potions
 d - 3 potions of might
 i - a potion of lignification
 j - 2 potions of curing
 o - 2 potions of mutation
 q - 2 potions of magic
 s - 3 potions of brilliance
 v - a potion of haste {unknown}
 E - 2 potions of ambrosia
 M - a potion of agility
Comestibles
 f - 15 rations


   Skills:
 + Level 6.8 Fighting
 * Level 7.8(8.7) Short Blades
   Level 5.7(7.7) Long Blades
 + Level 8.1 Armour
 + Level 5.0 Dodging
 * Level 8.6 Stealth
 + Level 8.0 Shields


You had 11 spell levels left.
You didn't know any spells.
Your spell library contained the following spells:

 Spells                   Type           Power        Failure   Level  Hunger
 Magic Dart               Conj           #...         67%         1    ##.....
 Conjure Flame            Conj/Fire      #.......     95%         3    ####...
 Slow                     Hex            #.......     80%         2    ###....
 Mephitic Cloud           Conj/Pois/Air  #.......     95%         3    ####...
 Blink                    Tloc           N/A          80%         2    ###....
 Iskenderun's Mystic Bla  Conj           #.......     100%        4    #####..
 Call Imp                 Summ           #.......     80%         2    ###....
 Stone Arrow              Conj/Erth      #.....       95%         3    ####...
 Passwall                 Tmut/Erth      #.......     80%         2    ###....
 Lee's Rapid Deconstruct  Erth           #.........   100%        5    ######.
 Sandblast                Erth           #.....       67%         1    ##.....
 Petrify                  Tmut/Erth      #.......     100%        4    #####..
 Fulminant Prism          Conj/Hex       #.........   100%        4    #####..
 Dazzling Spray           Conj/Hex       #.....       95%         3    ####...
 Force Lance              Conj/Tloc      #.......     100%        4    #####..
 Searing Ray              Conj           #.....       80%         2    ###....


Dungeon Overview and Level Annotations

Branches:
Dungeon (12/15)            Temple (1/1) D:5            Lair (0/6) D:10
    Orc (0/2) D:11

Altars:
Ashenzari
Cheibriados
Dithmenos
Elyvilon
Fedhas
Gozag
Hepliaklqana
Kikubaaqudgha
Makhleb
Nemelex Xobeh
Okawaru
Qazlal
Ru
Sif Muna
Trog
Uskayaw
Vehumet
Wu Jian
Xom
Yredelemnul
Zin
The Shining One

Shops:
D:9 *

Annotations:
D:12 exclusion: ice statue, Frances


Innate Abilities, Weirdness & Mutations

You are mostly covered in rugged brown scales. (AC +2, +5% HP)
You are completely attuned to the shadows.
You are mostly covered in sharp spines.


Message History

You hit Frances. You burn Frances.
Frances is lightly wounded.
Frances says, "I command an army of devils.
What do you command?"
Frances mutters in a terrible tongue.
You puncture Frances! You burn Frances.
Frances is lightly wounded.
You block Frances's attack.
You completely miss Frances.
Frances is lightly wounded.
Frances screams a word of power!
The shard of ice hits you!
* * * LOW HITPOINT WARNING * * *
You feel better. Frances hits you with a war axe!!
* * * LOW HITPOINT WARNING * * *
You block the ice devil's attack. Frances barely misses you.
Things that are here:
a leather armour; a ring mail; a flail You feel better.
Frances hits you with a war axe!
You die...

# ............# #
............# #
............# #
#.............# #
#.............# #
#............. #
#............. #
#............. #
#....@4....... #
#...[@........ #
#.............# #
#.............# #
#.............# ##
#####.............#
..
............<.....#
..
..................#
##
###################


You could see Frances and an ice devil.

Vanquished Creatures
  Josephine (D:10)
  A hydra (D:11)
  A centaur warrior (D:12)
  3 two-headed ogres
  2 trolls
  A hornet (D:11)
  5 hippogriffs
  A meliai zombie (D:9)
  4 wraiths (D:10)
  Eustachio (D:5)
  2 hogs (D:10)
  A human (D:10)
  4 hungry ghosts
  A steam dragon (D:11)
  12 yaks
  An acid dragon (D:12)
  Duvessa (D:5)
  4 porcupines (D:10)
  3 orc warriors
  3 ice beasts
  4 sky beasts
  3 black bears (D:10)
  A necrophage (D:10)
  2 phantoms
  3 ogres
  3 centaurs
  2 wolves (D:10)
  4 crocodiles
  5 bullfrogs
  Dowan (D:5)
  3 scorpions
  12 killer bees
  3 wights (D:12)
  A howler monkey (D:11)
  4 crimson imps
  6 electric eels (D:10)
  A bullfrog zombie (D:9)
  A centaur zombie (D:5)
  3 quasits
  5 hounds
  Crazy Yiuf (D:7)
  6 orc priests
  A bullfrog skeleton (D:9)
  A gnoll shaman (D:6)
  2 jellies
  Jessica (D:3)
  2 iguanas
  6 orc wizards
  6 worker ants
  A killer bee zombie (D:9)
  2 hound zombies
  A hound skeleton (D:5)
  2 worker ant zombies
  8 gnolls (D:6)
  13 adders
  3 shadow imps
  5 oozes
  An adder zombie (D:7)
  3 worms
  4 leopard geckos
  51 orcs
  3 giant cockroaches
  7 goblins
  10 hobgoblins
  23 jackals
  A kobold (D:3)
  3 quokkas
  A ball python (D:3)
  6 bats
  5 frilled lizards
  A jackal zombie (D:8)
  8 rats
307 creatures vanquished.

Vanquished Creatures (others)
  A bush (D:10)
  3 fungi (D:10)
  15 plants (D:10)
19 creatures vanquished.

Grand Total: 326 creatures vanquished

Notes
Turn   | Place    | Note
-------+----------+-------------------------------------------
     0 | D:1      | riteheju the Demonspawn Fighter began the quest for the Orb.
     0 | D:1      | Reached XP level 1. HP: 18/18 MP: 1/1
    23 | D:1      | Gained mutation: You are partially covered in rugged brown scales. (AC +1, +3% HP) [demonic ancestry]
    23 | D:1      | Reached XP level 2. HP: 13/24 MP: 2/2
   629 | D:1      | Gained mutation: You are partially covered in sharp spines. [demonic ancestry]
   629 | D:1      | Reached XP level 3. HP: 29/29 MP: 3/3
  1535 | D:2      | Gained mutation: You are slightly more attuned to the shadows. [demonic ancestry]
  1535 | D:2      | Reached XP level 4. HP: 36/36 MP: 4/4
  2214 | D:3      | Noticed Jessica
  2230 | D:3      | Killed Jessica
  2359 | D:3      | Reached skill level 1 in Dodging
  2384 | D:3      | Noticed a phantom
  2416 | D:3      | Killed a phantom
  2416 | D:3      | Reached XP level 5. HP: 41/42 MP: 5/5
  2753 | D:4      | Reached XP level 6. HP: 47/49 MP: 6/6
  2896 | D:4      | Found a glowing golden altar of the Shining One.
  3683 | D:5      | Entered Level 5 of the Dungeon
  3713 | D:5      | Noticed Eustachio
  3802 | D:5      | Killed Eustachio
  3802 | D:5      | Gained mutation: You are significantly more attuned to the shadows. [demonic ancestry]
  3802 | D:5      | Reached XP level 7. HP: 11/56 MP: 7/7
  4143 | D:5      | Found a blossoming altar of Fedhas.
  4283 | D:5      | Found a staircase to the Ecumenical Temple.
  4293 | Temple   | Entered the Ecumenical Temple
  4426 | D:5      | Found a burning altar of Makhleb.
  4426 | D:5      | Found a glowing silver altar of Zin.
  4427 | D:5      | Noticed an angel
  4427 | D:5      | Noticed a blizzard demon
  4503 | D:5      | Found an ornate altar of the Wu Jian Council.
  4512 | D:5      | Found a sparkling altar of Nemelex Xobeh.
  4521 | D:5      | Found an iron altar of Okawaru.
  4950 | D:5      | Reached skill level 5 in Long Blades
  4950 | D:5      | Reached skill level 1 in Stealth
  4974 | D:5      | Noticed Duvessa
  4976 | D:5      | Noticed Dowan
  4990 | D:5      | Killed Duvessa
  4990 | D:5      | Killed Dowan
  4990 | D:5      | Gained mutation: You are completely attuned to the shadows. [demonic ancestry]
  4990 | D:5      | Reached XP level 8. HP: 44/62 MP: 8/8
  5884 | D:6      | Found a shattered altar of Ashenzari.
  6389 | D:7      | Reached skill level 5 in Fighting
  6451 | D:7      | Found a runed door.
  6573 | D:7      | Noticed a hippogriff
  6580 | D:7      | Killed a hippogriff
  6580 | D:7      | Reached skill level 1 in Short Blades
  6667 | D:7      | Noticed a hippogriff
  6678 | D:7      | Killed a hippogriff
  6678 | D:7      | Reached skill level 5 in Armour
  6678 | D:7      | Reached skill level 5 in Shields
  7099 | D:7      | Gained mutation: You are mostly covered in rugged brown scales. (AC +2, +5% HP) [demonic ancestry]
  7099 | D:7      | Reached XP level 9. HP: 63/71 MP: 9/9
  8425 | D:9      | Reached skill level 5 in Stealth
  8462 | D:9      | Found Gozag's Platinum Reserve.
  9119 | D:9      | Gained mutation: You are mostly covered in sharp spines. [demonic ancestry]
  9119 | D:9      | Reached XP level 10. HP: 79/79 MP: 10/10
  9122 | D:9      | Found an opulent altar of Gozag.
  9206 | D:9      | Found a blossoming altar of Fedhas.
  9247 | D:9      | Found an ancient bone altar of Kikubaaqudgha.
  9263 | D:9      | Noticed a two-headed ogre
  9666 | D:9      | Killed a two-headed ogre
  9666 | D:9      | Reached skill level 5 in Short Blades
 10067 | D:10     | Entered Level 10 of the Dungeon
 10111 | D:10     | Noticed a two-headed ogre
 10205 | D:7      | Noticed Crazy Yiuf
 10209 | D:7      | Killed Crazy Yiuf
 10371 | D:10     | Killed a two-headed ogre
 10727 | D:10     | Found the +8 orange crystal plate armour {Archmagi, Int+3 Clar}
 12098 | D:10     | Reached XP level 11. HP: 86/86 MP: 11/11
 12131 | D:10     | Noticed Josephine
 12894 | D:10     | Noticed a two-headed ogre
 12922 | D:10     | Killed a two-headed ogre
 13206 | D:10     | Found a staircase to the Lair.
 13418 | D:10     | Killed Josephine
 13813 | D:11     | Noticed a seven-headed hydra
 13818 | D:11     | Killed a seven-headed hydra
 14680 | D:11     | Found a white marble altar of Elyvilon.
 15044 | D:11     | Found a staircase to the Orcish Mines.
 15233 | D:12     | Noticed a centaur warrior
 15237 | D:12     | Killed a centaur warrior
 15341 | D:12     | Noticed Frances
 15381 | D:12     | Noticed a soul eater
 15381 | D:12     | HP: 3/87 [soul eater/drain life[Frances] (12)]
 17058 | D:12     | Reached skill level 5 in Dodging
 17058 | D:12     | Reached XP level 12. HP: 93/93 MP: 12/12
 17132 | D:12     | HP: 3/93 [Frances/war axe (24)]
 17135 | D:12     | Mangled by Frances

Vault maps used:
D:1:      dpeg_arrival_tiny_e, minmay_fountain_box
D:2:      minmay_wonky_spiral, first_ration
D:3:      uniq_jessica
D:4:      marbit_many_paths
D:5:      cheibrodos_iron_armory, grunt_temple_overflow_order_and_chaos_2,
          grunt_temple_overflow_diamond, minmay_temple_entry_hall, basic_altar,
          uniq_eustachio, uniq_duvessa
D:6:      kennysheep_mini
D:7:      uniq_crazy_yiuf_cottage
D:9:      nicolae_gozag_zags_fifth_avenue,
          grunt_temple_overflow_growth_and_decay
D:10:     wad_crossroads, minmay_lair_entry_grove, grunt_livestock, st_stairs_5,
          uniq_josephine
D:11:     hiddenorc2_lemuel, elyvilon_altar_4
D:12:     lemuel_ice_statue, uniq_frances
Temple:   nicolae_temple_hex_pool

Skill      XL: |  1  2  3  4  5  6  7  8  9 10 11 |
---------------+----------------------------------+-----
Shields        | 3 4 5 6 8 |  8.0
Long Blades    | 2 3 4 5 |  5.7
Armour         | 3 4 5 6 7 8 |  8.1
Dodging        | 1 2 3 4 5 |  5.0
Fighting       | 4 5 6 |  6.8
Stealth        | 1 3 5 7 8 |  8.6
Short Blades   | 2 4 6 7 |  7.8

Action                   |  1- 3 |  4- 6 |  7- 9 | 10-12 || total
-------------------------+-------+-------+-------+-------++-------
Melee: Long sword        |   148 |   160 |   125 |       ||   433
       Dagger            |       |       |   190 |   784 ||   974
  Use: Scroll            |       |     2 |     2 |    19 ||    23
       Potion            |       |       |       |     9 ||     9
 Stab: Sleeping          |       |     1 |    27 |    25 ||    53
       Distracted        |       |       |       |     4 ||     4
  Eat: Chunk             |     2 |     6 |    10 |    19 ||    37
       Ration            |       |     1 |     2 |     3 ||     6
Armor: Scale mail        |    62 |    87 |   128 |    66 ||   343
       Steam dragon scal |       |       |       |    50 ||    50
       Ring mail         |       |       |       |    13 ||    13
Dodge: Dodged            |    37 |    54 |   103 |   204 ||   398
Block: Shield            |    87 |    73 |   168 |   276 ||   604
       Rpst.: Long sword |     6 |    18 |    14 |       ||    38

Table legend:
 A = Spawn XP
 B = Non-spawn XP
 C = Spawn XP percentage of total XP
 D = Spawn monster count
 E = Non-spawn monster count
 F = Spawn count percentage of total count
 G = Total turns spent on level
                    A         B        C        D         E        F      G
               +---------+---------+-------+---------+---------+-------+---------
         Total |       0 |   22009 |   0.0 |       0 |     307 |   0.0 | 17135
               +---------+---------+-------+---------+---------+-------+---------
           D:1 |       0 |      87 |   0.0 |       0 |      40 |   0.0 |  1280
           D:2 |       0 |      28 |   0.0 |       0 |       8 |   0.0 |  1103
           D:3 |       0 |     226 |   0.0 |       0 |      18 |   0.0 |   559
           D:4 |       0 |     314 |   0.0 |       0 |      10 |   0.0 |  1005
           D:5 |       0 |     790 |   0.0 |       0 |      21 |   0.0 |  1456
           D:6 |       0 |     288 |   0.0 |       0 |      13 |   0.0 |   743
           D:7 |       0 |    1409 |   0.0 |       0 |      17 |   0.0 |  1465
           D:8 |       0 |    1022 |   0.0 |       0 |      20 |   0.0 |   982
           D:9 |       0 |    2383 |   0.0 |       0 |      20 |   0.0 |  1764
          D:10 |       0 |    8658 |   0.0 |       0 |      57 |   0.0 |  3355
          D:11 |       0 |    2877 |   0.0 |       0 |      52 |   0.0 |  1829
          D:12 |       0 |    3927 |   0.0 |       0 |      31 |   0.0 |  1475
               +---------+---------+-------+---------+---------+-------+---------
